Map: Glittering Ashes LE

Players

Vicenzo - Winner!

  • Race: Terran Terran
  • League: Gold
  • Spawn Location: 7:00

Baco

  • Race: Protoss Protoss
  • League: Silver
  • Spawn Location: 1:00

VOD

Have the link to the VOD?

Description

Time

  • Played on: July 14, 2022, 1:34 a.m.
  • Length: 20:30
Show
View Real Time Build Order
Export as new Build Order

Vicenzo Terran - Winner!

Build Orders:  

Get SALT Encoding   

  12  0:03  SCV  
  13  0:15  SCV  
  13  0:18  Supply Depot  
  14  0:28  SCV  
  15  0:40  SCV  
  16  0:43  Barracks  
  16  0:47  Refinery  
  16  0:52  SCV  
  17  1:04  SCV  
  18  1:16  SCV  
  19  1:30  Marine  
  20  1:33  Command Center  
  20  1:44  Orbital Command  
  20  1:52  Supply Depot, Marine  
  21  2:09  Factory  
  21  2:13  SCV  
  22  2:16  Barracks Reactor  
  22  2:25  SCV  
  23  2:33  Supply Depot  
  23  2:41  SCV  
  24  2:48  Orbital Command  
  24  2:53  SCV  
  24  2:54  Factory Tech Lab  
  25  2:58  Barracks  
  25  3:00  Refinery  
  25  3:05  SCV, Marine x2  
  28  3:18  Supply Depot  
  28  3:24  Supply Depot  
  28  3:25  Siege Tank  
  31  3:29  SCV x2  
  31  3:30  Marine  
  34  3:41  SCV x2  
  36  3:46  Starport  
  36  3:49  Barracks Tech Lab  
  36  3:50  Marine x2  
  36  3:54  SCV  
  36  3:55  SCV  
  40  4:09  Supply Depot, SCV  
  41  4:10  Supply Depot, SCV, Marine  
  41  4:11  Marine  
  41  4:15  Stimpack  
  44  4:18  Infernal Pre-Igniter  
  44  4:22  SCV x2  
  46  4:26  Refinery  
  46  4:29  Marine  
  46  4:30  Marine  
  48  4:34  SCV  
  49  4:42  SCV  
  50  4:46  SCV, Refinery  
  51  4:59  Marine x3  
  53  5:02  Siege Tank  
  53  5:04  Starport Reactor  
  53  5:05  Command Center  
  57  5:07  SCV x2  
  59  5:19  SCV x2  
  61  5:27  Marine x2  
  61  5:28  Marine  
  64  5:31  SCV x2  
  66  5:36  Engineering Bay  
  66  5:39  Engineering Bay  
  66  5:43  SCV  
  66  5:44  SCV, Siege Tank  
  66  5:45  Medivac x2  
  66  5:46  Marine x2  
  66  5:47  Marauder  
  79  5:55  Combat Shield  
  79  5:59  Armory  
  79  6:01  SCV x2  
  81  6:04  Marine x2  
  81  6:10  Marine  
  84  6:13  SCV x2  
  84  6:17  Supply Depot, Siege Tank  
  89  6:18  Supply Depot  
  89  6:20  Supply Depot  
  89  6:22  Marine  
  90  6:32  Orbital Command  
  90  6:34  SCV x2  
  90  6:38  Marine x2  
  90  6:39  Medivac x2  
  98  6:40  Marine  
  98  6:43  Terran Infantry Weapons Level 1  
  98  6:45  Terran Infantry Armor Level 1  
  99  6:55  Marine, Terran Vehicle Weapons Level 1  
  99  6:56  Marine  
  99  7:00  SCV x2, Refinery x2  
  103  7:04  Missile Turret  
  103  7:08  Missile Turret x2  
  103  7:11  Missile Turret  
  103  7:13  Concussive Shells, Missile Turret x2  
  103  7:19  Missile Turret x2  
  103  7:21  Missile Turret  
  103  7:23  Missile Turret  
  103  7:25  SCV x2  
  103  7:26  Marine  
  106  7:30  Siege Tank  
  106  7:32  Missile Turret  
  109  7:37  SCV  
  109  7:38  SCV x2  
  112  7:49  SCV  
  113  8:01  Marine x3  
  113  8:03  Smart Servos  
  116  8:10  SCV x3  
  119  8:18  Supply Depot  
  119  8:19  Supply Depot, Marine  
  120  8:21  Supply Depot  
  120  8:22  SCV, Medivac x2  
  125  8:32  Barracks  
  125  8:34  Barracks x2  
  125  8:35  Barracks  
  125  8:40  Marine x3  
  128  8:49  Terran Vehicle And Ship Armor Level 1  
  128  8:52  Medivac  
  130  9:04  Marine x3  
  130  9:08  Hellion  
  130  9:09  Medivac  
  127  9:21  Supply Depot  
  127  9:22  Marine, Medivac  
  127  9:23  Supply Depot  
  130  9:29  Hellion  
  130  9:30  Factory  
  132  9:34  Starport  
  132  9:44  SCV x3  
  135  9:51  Hellion  
  137  9:54  Command Center  
  137  9:56  SCV x3  
  145  10:00  Barracks Tech Lab, Barracks Reactor  
  145  10:03  Barracks Reactor x3  
  140  10:07  Marine x3  
  140  10:09  Medivac x2  
  140  10:12  Hellion  
  149  10:17  Supply Depot  
  149  10:19  Supply Depot, Barracks Reactor  
  149  10:22  Supply Depot  
  149  10:25  Marine x3  
  152  10:29  Terran Infantry Weapons Level 2  
  152  10:30  Terran Infantry Armor Level 2  
  152  10:34  Hellion  
  154  10:39  Medivac x2  
  158  10:42  Terran Vehicle Weapons Level 2  
  158  10:43  Marine x3  
  158  10:46  SCV x3  
  164  10:58  SCV  
  164  10:59  SCV x2  
  164  11:01  Marine x3  
  164  11:02  Marine  
  164  11:03  Marine x7  
  178  11:06  Supply Depot  
  178  11:09  Factory Reactor  
  178  11:10  SCV  
  178  11:11  Starport Reactor  
  179  11:14  Viking  
  179  11:15  Viking  
  183  11:18  Marine  
  183  11:19  Marine x2, Planetary Fortress  
  183  11:20  Marine  
  183  11:23  Marine x7  
  194  11:31  Supply Depot  
  194  11:36  Marine  
  194  11:37  Marauder  
  197  11:40  Marine  
  197  11:41  Marine x2  
  200  11:55  Supply Depot, Refinery  
  198  12:22  Marine x8  
  200  12:25  Medivac  
  200  12:26  Missile Turret  
  181  12:31  Viking x2  
  181  12:32  Viking  
  166  12:39  Marine x4  
  166  12:40  Marine x7  
  164  12:45  Thor  
  164  12:47  Missile Turret  
  163  12:55  Viking  
  163  12:57  Marine x3  
  162  13:00  Marine x7  
  162  13:01  Marine, Viking x2  
  170  13:08  Missile Turret  
  170  13:15  Marine x3  
  170  13:18  Marine x8  
  181  13:28  Thor  
  181  13:33  Marine x3, Viking x4  
  198  13:36  Marine x2  
  198  13:37  Command Center  
  200  13:45  Command Center  
  200  13:48  Terran Infantry Armor Level 3, Terran Infantry Weapons Level 3  
  200  14:02  Terran Ship Weapons Level 1  
  200  14:24  Factory  
  200  14:26  Factory  
  200  14:43  Missile Turret  
  200  14:45  Missile Turret  
  189  15:00  Marine x11  
  189  15:02  Viking x3  
  189  15:04  Missile Turret  
  196  15:07  Missile Turret  
  196  15:11  Thor  
  190  15:18  Marine x7  
  190  15:19  Marine x4  
  175  15:31  Missile Turret  
  175  15:33  Missile Turret  
  162  15:35  Marine  
  162  15:36  Marine x6  
  162  15:37  Marine x4  
  162  15:38  Viking x4  
  152  15:53  Factory Tech Lab x2, Marine, Missile Turret x2  
  152  15:54  Marine x6  
  150  15:58  Marine x4  
  154  16:08  Viking x4  
  162  16:11  Marine x7  
  162  16:12  Barracks x2  
  162  16:13  Barracks  
  162  16:14  Missile Turret, Barracks  
  162  16:15  Barracks x2, Thor x3  
  162  16:16  Marine x3, Barracks  
  162  16:17  Marauder, Barracks  
  191  16:29  Marine x7  
  194  16:34  Marine x3  
  194  16:38  Marauder  
  181  16:47  Marine x7  
  181  16:51  Marine  
  181  16:52  Marine x2  
  185  16:58  Thor x2  
  185  16:59  Terran Ship Weapons Level 2, Marauder  
  197  17:02  Hi-Sec Auto Tracking, Neosteel Armor  
  197  17:05  Marine x5  
  196  17:09  Marine  
  196  17:10  Marine x4  
  200  17:28  Marine  
  196  17:41  Thor  
  196  17:57  Marine  
  196  17:58  Marine x7  
  197  18:11  Viking  
  199  18:24  Command Center  
  195  18:46  Command Center  
  189  18:56  Thor  
  189  18:58  Marine x11  
  199  19:08  Viking x2  
  198  19:13  Barracks Reactor x3  
  198  19:14  Barracks Reactor  
  198  19:16  Barracks Reactor  
  185  19:36  Marine x12  
  192  19:38  Thor  
  192  19:40  Viking  
  192  19:45  Thor  
  194  19:53  Marine  
  194  19:54  Marine x8  
  194  19:57  Viking  
  194  19:59  Viking  
  196  20:11  Marine x2  
  196  20:12  Armory  
Show
View Real Time Build Order
Export as new Build Order

Baco Protoss 

Build Orders: Cannon Rush, Carriers 

Get SALT Encoding   

  12  0:00  Probe (Chrono Boost)  
  13  0:10  Probe (Chrono Boost)  
  14  0:19  Probe  
  15  0:27  Pylon  
  15  0:45  Assimilator, Probe  
  16  0:58  Probe  
  16  0:59  Gateway  
  17  1:06  Forge  
  17  1:13  Probe (Chrono Boost)  
  18  1:22  Probe (Chrono Boost)  
  18  1:24  Pylon  
  19  1:27  Probe (Chrono Boost)  
  20  1:39  Probe  
  21  1:42  Photon Cannon  
  21  1:47  Photon Cannon  
  21  1:51  Probe  
  22  1:57  Photon Cannon  
  22  2:13  Photon Cannon  
  22  2:15  Assimilator  
  22  2:21  Probe (Chrono Boost)  
  23  2:29  Probe (Chrono Boost)  
  24  2:30  Pylon  
  24  2:53  Cybernetics Core  
  24  3:00  Photon Cannon  
  24  3:12  Pylon  
  24  3:21  Photon Cannon  
  24  3:35  Nexus  
  24  3:48  Stargate  
  24  3:52  Stargate  
  24  3:55  Probe  
  25  4:07  Probe  
  26  4:19  Probe (Chrono Boost)  
  27  4:29  Pylon  
  28  4:31  Probe (Chrono Boost)  
  28  4:38  Void Ray, Probe (Chrono Boost)  
  37  4:42  Void Ray  
  37  4:45  Probe (Chrono Boost)  
  38  4:57  Probe (Chrono Boost)  
  39  5:02  Probe (Chrono Boost)  
  40  5:09  Probe  
  40  5:10  Photon Cannon  
  40  5:13  Photon Cannon  
  46  5:26  Void Ray, Probe (Chrono Boost)  
  46  5:35  Probe (Chrono Boost)  
  47  5:36  Pylon  
  47  5:45  Probe  
  48  5:51  Fleet Beacon  
  52  5:57  Probe  
  52  5:58  Void Ray  
  53  6:09  Probe (Chrono Boost)  
  54  6:18  Assimilator  
  54  6:21  Assimilator, Probe (Chrono Boost)  
  59  6:29  Void Ray  
  59  6:30  Probe (Chrono Boost)  
  60  6:37  Probe (Chrono Boost)  
  61  6:48  Protoss Air Weapons Level 1  
  61  6:54  Probe (Chrono Boost)  
  61  6:58  Tempest  
  67  7:04  Probe (Chrono Boost)  
  67  7:07  Tempest  
  73  7:29  Robotics Facility  
  73  7:38  Cybernetics Core  
  73  7:54  Tempest  
  78  8:28  Pylon  
  78  8:29  Pylon  
  78  8:36  Pylon  
  78  8:37  Pylon  
  78  8:40  Pylon  
  78  8:46  Carrier, Warp Prism  
  78  8:47  Tempest, Probe (Chrono Boost)  
  92  8:55  Probe  
  93  9:03  Unknown  
  93  9:07  Probe  
  94  9:25  Stargate  
  94  9:27  Stargate  
  94  9:32  Protoss Air Armor Level 1  
  94  9:39  Carrier  
  100  9:55  Nexus  
  100  9:59  Pylon  
  100  10:03  Pylon  
  100  10:06  Pylon  
  100  10:08  Assimilator  
  100  10:12  Assimilator, Carrier  
  107  10:16  Probe (Chrono Boost)  
  107  10:17  Carrier  
  114  10:30  Probe (Chrono Boost)  
  114  10:38  Probe (Chrono Boost)  
  114  10:39  Carrier  
  121  10:49  Probe (Chrono Boost)  
  123  10:51  Probe (Chrono Boost), Observer  
  123  10:54  Probe (Chrono Boost)  
  123  10:55  Probe (Chrono Boost)  
  125  11:00  Anion Pulse-Crystals  
  126  11:04  Probe  
  126  11:05  Probe  
  128  11:12  Photon Cannon  
  128  11:14  Photon Cannon  
  128  11:15  Photon Cannon  
  128  11:16  Probe  
  128  11:17  Photon Cannon  
  129  11:19  Photon Cannon  
  129  11:21  Photon Cannon  
  129  11:22  Photon Cannon  
  129  11:23  Photon Cannon  
  129  11:25  Photon Cannon  
  129  11:29  Photon Cannon  
  129  11:32  Photon Cannon  
  129  11:46  Carrier  
  135  12:10  Carrier x2  
  147  12:50  Carrier x2  
  151  13:23  Gateway  
  151  13:28  Protoss Air Weapons Level 2  
  151  13:29  Protoss Air Armor Level 2  
  151  13:30  Forge  
  151  13:41  Nexus  
  151  13:54  Pylon  
  151  13:57  Pylon  
  151  14:01  Assimilator  
  151  14:04  Carrier  
  151  14:06  Assimilator  
  157  14:12  Carrier  
  157  14:15  Carrier  
  169  14:29  Pylon  
  169  14:31  Pylon  
  169  14:32  Pylon, Photon Cannon  
  169  14:33  Photon Cannon  
  169  14:35  Photon Cannon  
  169  14:38  Photon Cannon  
  169  14:39  Protoss Ground Weapons Level 1  
  169  14:42  Protoss Shields Level 1  
  130  15:33  Carrier  
  131  16:35  Carrier  
  83  17:45  Carrier x3  
  92  18:44  Tempest  
  97  18:49  Tempest x3  
Tags
 
Composition
Carriers
Matchup
PvT
Spawn Locations
Cross Positions
Add a new tag
Caveats
  • Supply blocks, unpowered buildings, or Contaminate may cause inaccurate times.
  • Supply counts are checked every 10 seconds.